 Dungeon Crawl Stone Soup version 0.26-a0-651-gb41185065b (webtiles) character file.

Game seed: 15988911879594894449

71 Alarkh the Insei (level 4, 32/32 HPs)
             Began as a Demonspawn Transmuter on Oct 30, 2020.
             Got out of the dungeon alive.
             The game lasted 00:01:44 (1413 turns).

Alarkh the Insei (Demonspawn Transmuter)            Turns: 1413, Time: 00:01:45

Health: 32/32      AC:  4    Str: 11    XL:     4   Next: 5%
Magic:  7/7        EV: 12    Int: 15    God:
Gold:   159        SH:  0    Dex: 15    Spells: 6/7 levels left

rFire    . . .     SeeInvis .     - Unarmed
rCold    . . .     Faith    .   (no shield)
rNeg     . . .     Spirit   .   a - +0 robe
rPois    .         Reflect  .   (no helmet)
rElec    .         Harm     .   (no cloak)
rCorr    .         Rampage  .   (no gloves)
MR       .....                  c - +1 pair of boots
Stlth    ++........             (no amulet)
HPRegen  0.10/turn              (no ring)
MPRegen  0.10/turn              (no ring)

@: no status effects
A: thin skeletal structure 1, spiny 1
a: no special abilities


You escaped.
You visited 1 branch of the dungeon, and saw 2 of its levels.

You collected 159 gold pieces.

Inventory:

Armour
 a - a +0 robe (worn)
 c - a +1 pair of boots (worn)
Scrolls
 b - 2 scrolls of identify {unknown}
 d - a scroll of blinking {unknown}
 f - a scroll of teleportation {unknown}
 h - a scroll of remove curse {unknown}
 j - a scroll of noise {unknown}
 k - a scroll of fog {unknown}
Potions
 e - a potion of berserk rage {unknown}
 g - a potion of flight {unknown}
 i - a potion of heal wounds {unknown}
 l - a potion of degeneration {unknown}
 m - 2 potions of mutation {unknown}


   Skills:
 - Level 1.0 Fighting
 - Level 1.7 Dodging
 + Level 4.5 Unarmed Combat
 - Level 2.0 Spellcasting
 - Level 1.7 Transmutations


You had 6 spell levels left.
You knew the following spells:

 Your Spells              Type           Power        Failure   Level
a - Beastly Appendage     Tmut           #.....       11%         1

Your spell library contained the following spells:

 Spells                   Type           Power        Failure   Level
 Wereblood                Tmut           #.......     16%         2
 Spider Form              Tmut/Pois      #.........   43%         3
 Ice Form                 Ice/Tmut       #.......     83%         4
 Blade Hands              Tmut           #.........   96%         5


Dungeon Overview and Level Annotations

Branches:
Dungeon (2/15)

Altars:


Innate Abilities, Weirdness & Mutations

You have a somewhat thin skeletal structure. (Dex +2, Stealth)
You are partially covered in sharp spines.


Message History

No target in view!
No target in view!
No target in view!
No target in view!
m - 2 fizzy blue potions Your transformation is almost over.
You see here a leopard gecko corpse.
Your horns disappear.
Your talons disappear.
Your +1 pair of boots unmelds from your body.
You see here a rat skeleton.
There is a stone staircase leading up here.
You climb upwards.
There is a stone staircase leading down here.
HP restored.
You open the large door.
There is a large open door here.
There is an open door here.
There is a staircase leading out of the dungeon here.
Are you sure you want to leave the Dungeon?
This will make you lose the game!
You have escaped!

#......# #....#.##....
####......######....#.......
#.....................##....
#.....................##....
#..########+########........
#.)####.........####...#....
#..##.............##(..#####
#..#......#'#......#...#####
#..+.....##@##.....'........
#..+.....##>##.....'..#####.
#..#..(...#+#......#..#####.
#..##.............##..#.....
#..####.........####..#.###.
#..########'########..#.###.
#.....................#.....
#.....................#.....
#####################.......


There were no monsters in sight!

Vanquished Creatures
  An adder (D:2)
  An ooze (D:1)
  A worm (D:2)
  3 dart slugs (D:1)
  2 leopard geckos
  A giant cockroach (D:1)
  A goblin (D:1)
  5 hobgoblins
  10 jackals
  2 kobolds (D:1)
  A quokka (D:2)
  5 bats
  8 frilled lizards
  6 rats
47 creatures vanquished.

Notes
Turn   | Place    | Note
-------+----------+-------------------------------------------
     0 | D:1      | Alarkh the Demonspawn Transmuter began the quest for the
                  | Orb.
     0 | D:1      | Reached XP level 1. HP: 15/15 MP: 3/3
    85 | D:1      | Reached skill level 3 in Unarmed Combat
   101 | D:1      | Gained mutation: You are partially covered in sharp spines.
                  | [demonic ancestry]
   101 | D:1      | Reached XP level 2. HP: 15/21 MP: 5/5
   497 | D:1      | Reached XP level 3. HP: 7/26 MP: 4/6
   742 | D:1      | Reached skill level 4 in Unarmed Combat
  1334 | D:2      | Gained mutation: You have a somewhat thin skeletal
                  | structure. (Dex +2, Stealth) [demonic ancestry]
  1334 | D:2      | Reached XP level 4. HP: 25/32 MP: 7/7
  1413 | D:$      | Got out of the dungeon alive.

Illustrated notes

Levels and vault maps discovered:
D:1:      dpeg_arrival_refuge, layout_basic
D:2:      layout_basic, nemelex_xobeh_ov_fountains_minmay

Skill      XL: |  1  2  3 |
---------------+----------+-----
Unarmed Combat | 3 4 |  4.5
Fighting       | |  1.0
Dodging        | |  1.7
Spellcasting   | |  2.0
Transmutations | |  1.7

Action                   |  1- 3 |  4- 6 || total
-------------------------+-------+-------++-------
Melee: Unarmed           |   108 |     3 ||   111
       Punch             |     2 |       ||     2
       Kick              |     1 |     2 ||     3
       Headbutt          |       |     2 ||     2
 Cast: Beastly Appendage |     3 |     1 ||     4
 Stab: Sleeping          |     1 |       ||     1
Armor: Robe              |    23 |       ||    23
Dodge: Dodged            |    76 |     1 ||    77

Table legend: (Time is in decaauts)
 A = Elapsed time spent in this place.
 B = Non-inter-level travel time spent in this place.
 C = Inter-level travel time spent in this place.
 D = Time resting spent in this place.
 E = Time spent auto-exploring this place.
 F = Levels seen in this place.
 G = Mean time per level.
                   A        B        C        D        E       F      G
               +--------+--------+--------+--------+--------+-----+--------+
         Total |   1405 |   1305 |    100 |      5 |   1064 |   2 |  702.5 |
       Dungeon |   1405 |   1305 |    100 |      5 |   1064 |   2 |  702.5 |
               +--------+--------+--------+--------+--------+-----+--------+

Top non-repeatable levels by time:
     D:1: 1051 daAuts
     D:2: 353 daAuts
